 Dungeon Crawl Stone Soup version 0.20.1-1-g8b1a95d (webtiles) character file.

571 digijack the Ogre Mage (level 7, -1/72 HPs)
             Began as an Ogre Fire Elementalist on Oct 13, 2017.
             Was an Initiate of Sif Muna.
             Killed from afar by an orc wizard (6 damage)
             ... with a magic dart
             ... on level 5 of the Dungeon on Oct 15, 2017.
             The game lasted 00:40:06 (4996 turns).

digijack the Ogre Mage (Ogre Fire Elementalist)     Turns: 4996, Time: 00:40:06

Health: -1/72      AC:  3    Str:  9    XL:     7   Next: 34%
Magic:  5/16       EV: 10    Int: 26    God:    Sif Muna [......]
Gold:   151        SH:  0    Dex:  9    Spells: 7/18 levels left

rFire    + + .     SeeInvis .     - Unarmed
rCold    x . .     Gourm    .   (no shield)
rNeg     . . .     Faith    .   o - +0 robe of Honour {rC+ Str-4 Int+8}
rPois    .         Spirit   .   (helmet restricted)
rElec    .         Reflect  .   (no cloak)
rCorr    .         Harm     .   (gloves unavailable)
MR       .....                  (boots unavailable)
Stlth    +++.......             (no amulet)
Regen    0.3/turn               g - ring of fire
MPRegen  0.2/turn               p - ring of fire

@: about to teleport
A: unfitting armour, screaming 1, tough skin 1, wild magic 1
a: Renounce Religion


You were on level 5 of the Dungeon.
You worshipped Sif Muna.
Sif Muna was noncommittal.
You were not hungry.

You visited 2 branches of the dungeon, and saw 6 of its levels.

You collected 151 gold pieces.

Inventory:

Missiles
 e - 207 stones (quivered)
 h - 65 sling bullets
Armour
 o - the +0 robe of Honour (worn) {rC+ Str-4 Int+8}
   (You found it on level 4 of the Dungeon)

   It affects your strength (-4).
   It affects your intelligence (+8).
   It protects you from cold.
Jewellery
 g - a ring of fire (left hand)
 p - a ring of fire (right hand)
Wands
 f - a wand of flame (48/48)
Scrolls
 j - 2 scrolls of teleportation
 q - a scroll of amnesia
 s - a scroll of identify
Potions
 a - a potion of brilliance
 d - a potion of haste
 k - a potion of magic
 l - a potion of might {unknown}
 n - a potion of heal wounds
Books
 b - a book of Flames

   Spells                             Type                      Level
   a - Flame Tongue                   Conjuration/Fire             1
   b - Throw Flame                    Conjuration/Fire             2
   c - Conjure Flame                  Conjuration/Fire             3
   d - Inner Flame                    Hexes/Fire                   3
   e - Sticky Flame                   Conjuration/Fire             4
   f - Fireball                       Conjuration/Fire             5
 m - a book of Cantrips

   Spells                             Type                      Level
   a - Confusing Touch                Hexes                        1
   b - Animate Skeleton               Necromancy                   1
   c - Summon Small Mammal            Summoning                    1
   d - Apportation                    Translocation                1
Comestibles
 c - a bread ration
 i - a meat ration
 r - 3 chunks of flesh


   Skills:
 + Level 5.3 Fighting
 + Level 3.8 Throwing
 - Level 1.9 Dodging
 * Level 5.3 Stealth
 - Level 3.3 Unarmed Combat
 + Level 6.0 Spellcasting
 - Level 1.0 Conjurations
 + Level 5.3 Fire Magic


You had 7 spell levels left.
You knew the following spells:

 Your Spells              Type           Power        Failure   Level  Hunger
a - Flame Tongue          Conj/Fire      #####        3%          1    None
b - Conjure Flame         Conj/Fire      ######..     9%          3    None
c - Throw Flame           Conj/Fire      ######       4%          2    None
d - Fireball              Conj/Fire      ######....   54%         5    #####..


Dungeon Overview and Level Annotations

Branches:
Dungeon (5/15)             Temple (1/1) D:4

Altars:
Ashenzari
Cheibriados
Dithmenos
Elyvilon
Fedhas
Gozag
Hepliaklqana
Kikubaaqudgha
Makhleb
Nemelex Xobeh
Ru
Sif Muna
Trog
Uskayaw
Vehumet
Xom
Zin
The Shining One


Innate Abilities, Weirdness & Mutations

You are too large for most types of armour.
You have tough skin. (AC +1)
You occasionally shout uncontrollably at your foes.
Your spells are a little harder to cast, but a little more powerful.


Message History

* * * LOW HITPOINT WARNING * * *
The orc wizard points at you and mumbles some strange words.
The magic dart hits you!
* * * LOW HITPOINT WARNING * * *
The phantom completely misses you.
Your surroundings seem slightly different.
The orc wizard is no longer moving quickly.
The orc wizard points at you and mumbles some strange words.
You easily resist.
You feel yourself speed up.
The orc wizard hits you with an enchanted dagger.
* * * LOW HITPOINT WARNING * * *
The phantom hits you but does no damage.
A centaur comes into view.
As you read the scroll of teleportation, it crumbles to dust.
You feel strangely unstable.
The centaur shouts!
The orc wizard points at you and mumbles some strange words.
The magic dart hits you!
You die...

............(....# .
..............(....# .
...............%..#
#.#..#####..5.W.....# #
#.#.. ##.###.###(#
#.#....######.###.# [#
..................## #
#.#........5.......##
#.#....@o............
.######.......W............
...............####..######
#...#..#....######..#####
.#...#.....................
..........c..####....######
........#............##
######..#.............#
..........................


You could see a phantom, a centaur, an orc wizard and a crimson imp.

Vanquished Creatures
  A sky beast (D:4)
  2 ogres (D:4)
  A howler monkey (D:5)
  A centaur skeleton (D:4)
  2 iguanas
  A worker ant (D:4)
  A hound skeleton (D:4)
  2 gnolls (D:2)
  3 adders
  An adder skeleton (D:4)
  4 worms
  A dart slug (D:4)
  2 leopard geckos
  4 orcs
  3 bats
  4 giant cockroaches
  9 goblins
  4 hobgoblins
  2 quokkas (D:4)
  A ball python (D:3)
  A frilled lizard (D:3)
  8 kobolds
  5 rats
63 creatures vanquished.

Notes
Turn   | Place    | Note
-------+----------+-------------------------------------------
     0 | D:1      | digijack the Ogre Fire Elementalist began the quest for the Orb.
     0 | D:1      | Reached XP level 1. HP: 16/16 MP: 3/3
   182 | D:1      | Reached skill level 1 in Conjurations
   244 | D:1      | Reached XP level 2. HP: 24/24 MP: 3/5
   850 | D:2      | Reached XP level 3. HP: 24/31 MP: 0/7
   887 | D:2      | Reached skill level 3 in Spellcasting
   959 | D:2      | Found a white marble altar of Elyvilon.
  1127 | D:2      | Learned a level 3 spell: Conjure Flame
  1182 | D:2      | Learned a level 2 spell: Throw Flame
  1312 | D:2      | Reached skill level 5 in Fighting
  1312 | D:2      | Reached skill level 5 in Spellcasting
  1312 | D:2      | Reached XP level 4. HP: 50/50 MP: 8/11
  1721 | D:2      | Found a deep blue altar of Sif Muna.
  1724 | D:2      | Became a worshipper of Sif Muna the Loreminder
  2632 | D:2      | Reached XP level 5. HP: 57/57 MP: 1/12
  2938 | D:4      | Learned a level 5 spell: Fireball
  2940 | D:4      | Learned a level 1 spell: Summon Small Mammal
  2989 | D:4      | Got a shadowed robe
  3000 | D:4      | Identified the +0 robe of Honour {rC+ Str-4 Int+8} (You found it on level 4 of the Dungeon)
  3207 | D:4      | Found a shadowy altar of Dithmenos.
  3298 | D:4      | Found a radiant altar of Vehumet.
  3301 | D:4      | Found a sacrificial altar of Ru.
  3874 | D:4      | Noticed an ogre
  3900 | D:4      | Killed an ogre
  3900 | D:4      | Reached skill level 5 in Stealth
  3900 | D:4      | Reached skill level 5 in Fire Magic
  3900 | D:4      | Reached XP level 6. HP: 66/66 MP: 1/14
  4398 | D:4      | Found a staircase to the Ecumenical Temple.
  4404 | Temple   | Entered the Ecumenical Temple
  4466 | D:4      | Noticed a sky beast
  4472 | D:4      | Killed a sky beast
  4472 | D:4      | Reached XP level 7. HP: 53/72 MP: 8/15
  4528 | D:4      | Gained mutation: Your spells are a little harder to cast, but a little more powerful. [mutagenic meat]
  4529 | D:4      | Gained mutation: You occasionally shout uncontrollably at your foes. [mutagenic meat]
  4588 | D:4      | Found a bloodstained altar of Trog.
  4752 | D:4      | Reached skill level 6 in Spellcasting
  4833 | D:5      | Entered Level 5 of the Dungeon
  4996 | D:5      | Killed from afar by an orc wizard

Skill      XL: |  1  2  3  4  5  6  7 |
---------------+----------------------+-----
Conjurations   | 1 |  1.0
Fire Magic     | 3 4 5 |  5.3
Spellcasting   | 5 6 |  6.0
Fighting       | 5 |  5.3
Throwing       | 3 |  3.8
Stealth        | 4 5 |  5.3
Unarmed Combat | 3 |  3.3
Dodging        | |  1.9

Action                   |  1- 3 |  4- 6 |  7- 9 || total
-------------------------+-------+-------+-------++-------
Melee: Unarmed           |    10 |    23 |     1 ||    34
       Dagger            |     1 |       |       ||     1
       Punch             |       |     2 |       ||     2
Throw: Stone             |       |    25 |     7 ||    32
 Cast: Flame Tongue      |    33 |     1 |       ||    34
       Conjure Flame     |     2 |     3 |       ||     5
       Throw Flame       |     1 |    63 |    23 ||    87
       Summon Small Mamm |       |     4 |       ||     4
       Fireball          |       |     1 |       ||     1
  Use: Scroll            |     5 |     4 |     4 ||    13
       Potion            |     4 |     2 |       ||     6
  Eat: Chunk             |     1 |     4 |     2 ||     7
       Fruit             |       |     1 |     1 ||     2
       Bread ration      |       |     1 |       ||     1
       Royal jelly       |       |       |     1 ||     1
Armor: Robe              |     7 |     8 |     2 ||    17
Dodge: Dodged            |     9 |    15 |     2 ||    26
